 Dungeon Crawl Stone Soup version 0.27-a0-1202-ge72e49191c (webtiles) character file.

Game seed: 1660439965179590821

126 reriks the Shield-Bearer (level 5, -10/33 HPs)
             Began as a Gargoyle Fighter on June 2, 2021.
             Was a Follower of Kikubaaqudgha.
             Mangled by a wyvern skeleton (12 damage)
             ... on level 3 of the Dungeon.
             The game lasted 00:01:28 (2241 turns).

reriks the Shield-Bearer (Gargoyle Fighter)         Turns: 2241, Time: 00:01:29

Health: -10/33     AC: 12    Str: 20    XL:     5   Next: 9%
Magic:  5/5        EV:  7    Int:  9    God:    Kikubaaqudgha [*.....]
Gold:   130        SH:  9    Dex:  9    Spells: 4/4 levels left

rFire    . . .     SeeInvis .   a - +0 flail
rCold    . . .     Faith    .   c - +0 kite shield
rNeg     + . .     Spirit   .   b - +0 scale mail
rPois    ∞         Reflect  .   (no helmet)
rElec    +         Harm     .   (no cloak)
rCorr    .         Rampage  .   (no gloves)
Will     .....                  j - +0 pair of boots
Stlth    ..........             (no amulet)
HPRegen  0.11/turn              (no ring)
MPRegen  0.09/turn              (no ring)

@: no status effects
A: sickness immunity, AC +4, negative energy resistance 1, electricity
resistance, torment resistance 1, petrification resistance
a: Renounce Religion, Receive Corpses


You were on level 3 of the Dungeon.
You worshipped Kikubaaqudgha.
Kikubaaqudgha was aware of your devotion.
You visited 1 branch of the dungeon, and saw 3 of its levels.

You collected 130 gold pieces.

Inventory:

Hand Weapons
 a - a +0 flail (weapon)
Armour
 b - a +0 scale mail (worn)
 c - a +0 kite shield (worn)
 j - a +0 pair of boots (worn)
Scrolls
 e - 3 scrolls of enchant weapon {unknown}
 g - a scroll of magic mapping {unknown}
 h - 3 scrolls of teleportation {unknown}
 i - a scroll of identify {unknown}
 k - a scroll of silence {unknown}
 m - a scroll of enchant armour {unknown}
 q - 2 scrolls of amnesia {unknown}
Potions
 d - a potion of might
 f - a potion of magic {unknown}
 l - 2 potions of attraction {unknown}
 n - a potion of lignification {unknown}
 o - a potion of curing {unknown}
 p - a potion of heal wounds {unknown}


   Skills:
 + Level 4.2 Fighting
 + Level 3.0 Maces & Flails
 + Level 4.1 Armour
 + Level 4.2 Shields


You had 4 spell levels left.
You didn't know any spells.
Your spell library contained the following spells:

 Spells                   Type           Power      Damage    Failure   Level
 Animate Skeleton         Necr           0%         N/A       99%         1
 Pain                     Necr           0%         1d4       99%         1
 Corpse Rot               Necr/Air       N/A        N/A       100%        2
 Vampiric Draining        Necr           0%         2d6       100%        3


Dungeon Overview and Level Annotations

Branches:
Dungeon (3/15)

Altars:
Kikubaaqudgha
Xom


Innate Abilities, Weirdness & Mutations

You are immune to sickness and miasma.
Your stone body is resilient. (AC +4)
You are immune to poison.
You resist negative energy. (rN+)
You are resistant to electric shocks. (rElec)
You are resistant to unholy torment.
You are immune to petrification.


Message History

The wyvern skeleton bites you.
The wyvern skeleton bites you but does no damage.
Your shield and scale mail prevent you from hitting the wyvern skeleton.
The wyvern skeleton is lightly damaged.
The wyvern skeleton bites you but does no damage.
You closely miss the goblin. The goblin hits you but does no damage.
You sock the goblin!
You kill the goblin!
Kikubaaqudgha accepts your kill. The bat closely misses you.
You barely miss the wyvern skeleton.
The wyvern skeleton is lightly damaged.
You block the wyvern skeleton's attack. The wyvern skeleton barely misses you.
You hit the wyvern skeleton.
The wyvern skeleton is moderately damaged.
The wyvern skeleton bites you! x2
You hit the wyvern skeleton.
The wyvern skeleton is moderately damaged.
The wyvern skeleton bites you but does no damage.
The wyvern skeleton bites you!
* * * LOW HITPOINT WARNING * * *
You are too injured to fight recklessly!
You are too injured to fight recklessly!
You are too injured to fight recklessly!
You are too injured to fight recklessly!
You are too injured to fight recklessly!
You are too injured to fight recklessly!
You are too injured to fight recklessly!
You are too injured to fight recklessly!
You are too injured to fight recklessly!
You hit the wyvern skeleton.
The wyvern skeleton is heavily damaged.
The wyvern skeleton bites you.
* * * LOW HITPOINT WARNING * * *
You block the wyvern skeleton's attack.
You thump the wyvern skeleton!
The wyvern skeleton is severely damaged.
The wyvern skeleton bites you!
You die...
Kikubaaqudgha rasps: "You have failed me!
Welcome... oblivion!"

##.....##
#...[...#
#..^....#
#....<..#
###...### #
######...# #.#.
#.......##
.#....####.#######
.....bZ@...#
......###### .#.#.
#


You could see a bat and a wyvern skeleton.

Vanquished Creatures
  A hound (D:3)
  4 gnolls (D:3)
  2 adders
  A worm (D:2)
  4 ball pythons
  3 bats
  An endoplasm (D:3)
  A giant cockroach (D:1)
  8 goblins
  A hobgoblin (D:3)
  2 jackals (D:2)
  3 frilled lizards
  4 kobolds
  5 rats
40 creatures vanquished.

Vanquished Creatures (others)
  2 adders (D:3)
  A ball python (D:3)
  A goblin (D:3)
  2 hobgoblins (D:3)
  A quokka (D:3)
  A bat (D:3)
  A kobold (D:3)
9 creatures vanquished.

Grand Total: 49 creatures vanquished

Notes
Turn   | Place    | Note
-------+----------+-------------------------------------------
     0 | D:1      | reriks the Gargoyle Fighter began the quest for the Orb.
     0 | D:1      | Reached XP level 1. HP: 14/14 MP: 1/1
   292 | D:1      | Found a faded altar of an unknown god.
   315 | D:1      | Reached XP level 2. HP: 16/19 MP: 2/2
   324 | D:1      | Became a worshipper of Kikubaaqudgha
   324 | D:1      | Reached * piety under Kikubaaqudgha
   324 | D:1      | Identified Kikubaaqudgha's Grimoire of Dark Rituals
                  | (Kikubaaqudgha gifted it to you on level 1 of the Dungeon)
   324 | D:1      | Received a gift from Kikubaaqudgha
  1087 | D:2      | Reached XP level 3. HP: 18/23 MP: 3/3
  1605 | D:3      | Reached XP level 4. HP: 11/29 MP: 4/4
  1878 | D:3      | Found a shimmering altar of Xom.
  2018 | D:3      | Reached XP level 5. HP: 14/33 MP: 5/5
  2241 | D:3      | Mangled by a wyvern skeleton

Illustrated notes

Levels and vault maps discovered:
D:1:      tarquinn_simple_flora_water_b, layout_basic, basic_ecumenical_altar
D:2:      layout_rooms, minmay_heptomino_d4
D:3:      wad_pebble_path, layout_loops_corners, xom_confusion_cloud

Skill      XL: |  1  2  3  4 |
---------------+-------------+-----
Fighting       | 4 |  4.2
Shields        | 4 |  4.2
Armour         | 4 |  4.1
Maces & Flails | 3 |  3.0

Action                   |  1- 3 |  4- 6 || total
-------------------------+-------+-------++-------
Melee: Flail             |   108 |    56 ||   164
Armor: Scale mail        |    55 |    25 ||    80
Dodge: Dodged            |    46 |    16 ||    62
Block: Kite shield       |    70 |    28 ||    98

Table legend: (Time is in decaauts)
 A = Elapsed time spent in this place.
 B = Non-inter-level travel time spent in this place.
 C = Inter-level travel time spent in this place.
 D = Time resting spent in this place.
 E = Time spent auto-exploring this place.
 F = Levels seen in this place.
 G = Mean time per level.
                   A        B        C        D        E       F      G
               +--------+--------+--------+--------+--------+-----+--------+
         Total |   2324 |   2287 |     37 |    181 |   1716 |   3 |  774.7 |
       Dungeon |   2324 |   2287 |     37 |    181 |   1716 |   3 |  774.7 |
               +--------+--------+--------+--------+--------+-----+--------+

Top non-repeatable levels by time:
     D:1: 908 daAuts
     D:3: 716 daAuts
     D:2: 699 daAuts
